Unix NetHack Version 3.7.0-53 Work-in-progress - last build Apr 18 2022 03:42:42 (02b85442fffe0e2954e411e09df771b56fe27bbc,branch:master). Game began 2022-05-08 15:08:58, ended 2022-05-09 19:59:26. spontiff, neutral male gnomish Healer --- ### # --- -------- ---.-- ----- -##.--- *##-------.--- |..--..## |..*.----- ----...---.*...-## #...--.....-----#.......# |........-- |.......|....[..(#*|............##..>..(...## ---.......| --..............*.#-#---.....................# |*......| --..................#---|....---.............## --.--...| ----................---...--....| |....#-#......## |....^-- |...................| --........---...###--...### ------ |.--.------ --...................| |.)............## ##..##0## |....| -----.||......--|....................----.............#| |..(#0## |.|..# --."...|-----...---.......................--.--.....T...# --..### # |.|--###..#---- --..............................-----|.....@...-- --.## |^| |.-- |.....--------..---.............| --.....S...| #..#0 |.| |.| |.....| --..| |-............| --.--....## |-.# --.| ---.| ----.-- |...---...........(.-- ----##..| ##.#-- |..| |<..| --- |....................| ## ##-- |....## |.-|---.--- |......---.--........| #*## |.....# --..--...| |..|..-- -----....---- --.|.## |........| |..|--- ------ ----- --..--.--- ---- ------- Spontiff the Rhizotomist St:14 Dx:9 Co:16 In:9 Wi:18 Ch:17 Neutral S:550 Dlvl:11 $:0 HP:0(54) Pw:8(8) AC:-12 Xp:1/0 T:15661 Burdened Latest messages: What do you want to use or apply? [fkostwxzS or ?*] o You produce a strange whistling sound. The Olog-hai appears next to you! The Olog-hai thrusts her broad short sword at the umber hulk. The Olog-hai hits the umber hulk. The Olog-hai misses the umber hulk. The Olog-hai bites the umber hulk. The umber hulk misses the Olog-hai. The umber hulk misses the Olog-hai. The umber hulk misses the Olog-hai. The umber hulk gazes at the Olog-hai... The Olog-hai looks confused. You are beginning to feel hungry. You already found a monster. Use 'm' prefix to force another search. What do you want to use or apply? [fkostwxzS or ?*] o You produce a strange whistling sound. The Olog-hai vanishes and reappears next to you. The Olog-hai thrusts her broad short sword at the umber hulk. The Olog-hai hits the umber hulk. The Olog-hai hits the umber hulk. The umber hulk is killed! The snake bites! The snake misses! What do you want to use or apply? [fkostwxzS or ?*] s In what direction? y Status of the Olog-hai (chaotic): Level 19 HP 152(152) AC -12, tame, confused. The Olog-hai thrusts her broad short sword. The Olog-hai hits! The Olog-hai misses! The Olog-hai bites! The snake misses! What do you want to use or apply? [fkostwxzS or ?*] Never mind. There is an umber hulk corpse here; eat it? [ynq] (n) y This umber hulk corpse tastes okay. You stop eating the umber hulk corpse. The Olog-hai thrusts her broad short sword. The Olog-hai hits! The Olog-hai hits! The Olog-hai bites! The snake bites! The snake's bite was poisoned! The poison doesn't seem to affect you. The Olog-hai thrusts her broad short sword. The Olog-hai hits! The Olog-hai hits! The Olog-hai bites! You die... Do you want your possessions identified? [ynq] (y) y Do you want to see the dungeon overview? [ynq] (y) y Major events: Turn 1: spontiff the neutral male gnomish Healer entered the dungeon 766: entered the Gnomish Mines 3285: entered Sokoban 3529: completed sokoban 1 3948: completed sokoban 2 6963: reached Mine Town 15661: killed by an Olog-hai Inventory: Armor h - an uncursed +0 dwarvish iron helm (being worn) g - an uncursed +1 pair of leather gloves (being worn) v - an uncursed +1 pair of speed boots (being worn) r - a blessed +2 small shield (being worn) q - an uncursed +0 robe (being worn) d - an uncursed +0 leather armor (being worn) Comestibles y - an uncursed berried treasure n - 2 uncursed food rations Wands S - an uncursed wand of sleep (0:2) Tools f - an uncursed sack containing 28 items t - an uncursed blindfold named PoSl SITy z - an uncursed leash o - an uncursed magic whistle w - an uncursed mirror x - an uncursed oil lamp (lit) k - an uncursed skeleton key s - an uncursed stethoscope Gems/Stones E - 2 uncursed topaz stones Contents of the sack: 478 gold pieces an uncursed +0 mummy wrapping 3 uncursed food rations a blessed scroll of earth an uncursed scroll of identify an uncursed scroll of scare monster a blessed scroll of teleportation 4 uncursed scrolls of teleportation an uncursed spellbook of detect food an uncursed spellbook of healing an uncursed potion of monster detection an uncursed ring of conflict an uncursed +1 ring of increase damage an uncursed ring of teleport control an uncursed wand of digging (0:4) an uncursed wand of polymorph (0:7) an uncursed wand of secret door detection (0:15) an uncursed wand of secret door detection (0:12) an uncursed wand of striking (0:8) an uncursed wand of striking (0:4) an uncursed wand of striking (0:2) an uncursed +0 pick-axe an uncursed tinning kit (0:47) an uncursed black opal 2 uncursed diamonds 2 uncursed emeralds an uncursed emerald 2 uncursed worthless pieces of red glass Spontiff the Healer's attributes: Background: You were a Rhizotomist, a level 1 male gnomish Healer. You were neutral, on a mission for Hermes who was opposed by Athena (lawful) and Poseidon (chaotic). You were in the Gnomish Mines, on level 11. You entered the dungeon 15661 turns ago. You had 0 experience points, 20 were needed to attain level 2. Your score was 550 before end-of-game adjustments. Basics: You had 0 out of 54 hit points. You had all 8 energy points (spell power). Your armor class was -12. Your wallet was empty. Autopickup was on for '$!/="?' plus thrown, with exceptions. Final Characteristics: Your strength was 14 (limit:18/50). Your dexterity was 9 (limit:18). Your constitution was 16 (limit:18). Your intelligence was 9 (limit:19). Your wisdom was 18 (limit:18). Your charisma was 17 (limit:18). Final Status: You were not hungry. You were burdened; movement was slightly slowed. You were empty handed. You were unskilled in bare handed combat. Final Attributes: You were piously aligned. You were sleep resistant. You were poison resistant. You saw invisible. You were telepathic. You had infravision. You had a moderate defense bonus (+9). You were guarded. You were very fast. You are dead. Miscellaneous: You never encountered a bones level. Total elapsed playing time was 6 hours, 48 minutes and 53 seconds. Vanquished creatures: an aligned cleric 2 vampires a ghost an umber hulk a large mimic a warg a dwarf ruler 4 watchmen a giant beetle 3 leprechauns 4 giant spiders a black light 2 dingoes a housecat a dust vortex 9 water moccasins a human zombie a bugbear 2 wood nymphs 2 water nymphs 3 Mordor orcs 3 Uruk-hai 3 rock piercers 2 rock moles a fog cloud a shrieker a violet fungus 8 gnome leaders 2 gnomish wizards 3 kobold mummies a black naga hatchling a ghoul a paper golem 2 baby crocodiles a giant ant a little dog 4 floating eyes 18 dwarves 6 homunculi 2 kobold leaders 6 hill orcs 6 rothes a rabid rat a centipede 4 giant bats 2 monkeys 3 orc zombies a dwarf zombie a wererat 2 werejackals 12 iguanas 5 acid blobs 5 gas spores 10 hobbits 2 manes 2 large kobolds 3 hobgoblins 12 giant rats 4 cave spiders 2 brown molds a yellow mold 3 green molds 4 red molds 26 gnomes 2 garter snakes 4 gnome zombies 14 geckos 12 jackals 2 foxes 7 kobolds 10 goblins 7 sewer rats 15 grid bugs 6 bats 15 lichens 3 kobold zombies 22 newts 341 creatures vanquished. No species were genocided or became extinct. Voluntary challenges: You never hit with a wielded weapon. You were a pacifist. You read items or engraved 5 times. You never engraved Elbereth. You never genocided any monsters. You never polymorphed an object. You used no wishes. You did not violate any of the special Sokoban rules. Achievements: You entered a shop. You entered the Gnomish Mines. You entered Sokoban. You entered Minetown. You entered a temple. The Dungeons of Doom: levels 1 to 9 Level 1: "magic trap; stashlet" Level 2: "iron bars" A general store. Level 3: Stairs down to The Gnomish Mines. Level 4: A fountain. Level 5: Many fountains. Level 6: Some fountains. Level 7: Many fountains. Oracle of Delphi. Level 8: An altar, a fountain. Stairs up to Sokoban, level 7. Level 9: The Gnomish Mines: levels 4 to 12 Level 4: Level 5: Level 6: Many shops, a temple to Hermes, many fountains. Level 7: Level 8: Level 9: Level 10: "Polytrap" Level 11: <- You were here. Final resting place for you, killed by an Olog-hai. Level 12: Some fountains. Sokoban: levels 7 up to 5 Level 5: "Annoyingly screwed, come back with pick" Unsolved. Level 6: Solved. Level 7: Solved. Game over: ---------- / \ / REST \ / IN \ / PEACE \ / \ | spontiff | | 478 Au | | killed by an | | Olog-hai | | | | | | 2022 | *| * * * | * _________)/\\_//(\/(/\)/\//\/|_)_______ Goodbye spontiff the Healer... You died in The Gnomish Mines on dungeon level 11 with 550 points, and 478 pieces of gold, after 15661 moves. You were level 1 with a maximum of 54 hit points when you died.